 Dungeon Crawl Stone Soup version 0.23-a0-65-gc974853 (webtiles) character file.

210 Ayydz the Chopper (level 5, -1/46 HPs)
             Began as a Hill Orc Fighter on Aug 9, 2018.
             Was an Initiate of Ru.
             Slain by an ogre
             ... wielding a +0 giant club
              (17 damage)
             ... on level 4 of the Dungeon.
             The game lasted 00:13:22 (2561 turns).

Ayydz the Chopper (Hill Orc Fighter)                Turns: 2561, Time: 00:13:22

Health: -1/46      AC: 11    Str: 19    XL:     5   Next: 88%
Magic:  5/5        EV:  5    Int:  8    God:    Ru [......]
Gold:   146        SH:  9    Dex: 11    Spells: 4/4 levels left

rFire    . . .     SeeInvis .   a - +0 war axe
rCold    . . .     Gourm    .   c - +0 shield
rNeg     . . .     Faith    .   j - +0 chain mail
rPois    .         Spirit   .   l - +2 hat
rElec    .         Reflect  .   (no cloak)
rCorr    .         Harm     .   (no gloves)
MR       .....                  (no boots)
Stlth    ..........             (no amulet)
HPRegen  0.15/turn              (no ring)
MPRegen  0.09/turn              (no ring)

@: no status effects
A: no striking features
a: Renounce Religion


You were on level 4 of the Dungeon.
You worshipped Ru.
Ru was noncommittal.
You were not hungry.

You visited 1 branch of the dungeon, and saw 4 of its levels.
You also visited: Sewer.

You collected 146 gold pieces.

Inventory:

Hand Weapons
 a - a +0 war axe (weapon)
Missiles
 h - 161 stones (quivered)
Armour
 c - a +0 shield (worn)
 j - a +0 chain mail (worn)
 l - a +2 hat (worn)
Scrolls
 r - a scroll of magic mapping
Potions
 b - a potion of agility {unknown}
 d - 3 potions of might
 e - 4 potions of curing {unknown}
 g - a potion of ambrosia {unknown}
 i - 2 potions of haste {unknown}
 k - 2 potions of berserk rage
 m - a potion of resistance {unknown}
 n - a potion of lignification {unknown}
 o - a potion of experience {unknown}
 p - a potion of cancellation {unknown}
 q - a potion of degeneration {unknown}
 t - 4 potions of flight {unknown}
 u - 2 potions of heal wounds {unknown}
Comestibles
 f - 6 rations
 s - 2 chunks of flesh


   Skills:
 + Level 4.0 Fighting
 * Level 6.8 Axes
 + Level 3.7 Armour
 + Level 0.7 Dodging
 + Level 3.6 Shields


You had 4 spell levels left.
You didn't know any spells.
Your spell library was empty.

Dungeon Overview and Level Annotations

Branches:
Dungeon (4/15)
 Temple: D:4-7

Altars:
Ru
The Shining One


Message History

There is an open door here.
Some of the chunks of flesh in your inventory have rotted away.
An ogre comes into view. It is wielding a giant club.
The ogre shouts!
Found a scroll labeled EKOGOUCILY.
Found 2 scrolls labeled DUAKAIRASO.
The ogre hits you with a giant club!
Your shield and chain mail prevent you from hitting the ogre.
The ogre hits you with a giant club.
Your shield and chain mail prevent you from hitting the ogre.
The ogre hits you with a giant club!
A jackal comes into view.
The jackal barks!
You slash the ogre!
The ogre is moderately wounded.
The ogre hits you but does no damage.
You slice the ogre!!
The ogre is almost dead.
The ogre hits you with a giant club!
You die...

##.##..........#
..<....#######.#
..####.#≈≈≈≈≈#.# #.
#.#≈≈.≈≈'.# ..
....#≈≈≈≈≈#.# ..
##..#######.# ..
#..........# #.
######..##.#####?##
#. #..###..@..?..#
#.## #...O....# ...
#........# ..
..........#
.##h.......# ..
#........# .
.........#
#.#.......#


You could see an ogre and a jackal.

Vanquished Creatures
  A big kobold (Sewer)
  3 gnolls (D:3)
  3 adders (D:3)
  A shadow imp (D:3)
  2 oozes
  2 worms
  4 leopard geckos
  6 giant cockroaches
  4 goblins
  2 hobgoblins
  10 jackals
  A ball python (D:1)
  2 bats (D:1)
  3 frilled lizards
  11 kobolds
  10 rats
65 creatures vanquished.

Notes
Turn   | Place    | Note
-------+----------+-------------------------------------------
     0 | D:1      | Ayydz the Hill Orc Fighter began the quest for the Orb.
     0 | D:1      | Reached XP level 1. HP: 19/19 MP: 1/1
    22 | D:1      | Reached skill level 3 in Axes
   212 | D:1      | Reached XP level 2. HP: 14/26 MP: 2/2
   395 | D:1      | Reached skill level 4 in Axes
  1057 | D:2      | Reached XP level 3. HP: 31/31 MP: 3/3
  1299 | D:2      | Reached skill level 5 in Axes
  1461 | D:2      | Found a sacrificial altar of Ru.
  1467 | D:2      | Became a worshipper of Ru the Awakened
  1728 | D:3      | Reached XP level 4. HP: 31/39 MP: 4/4
  1740 | D:3      | Reached skill level 6 in Axes
  2086 | D:3      | Found a glowing golden altar of the Shining One.
  2104 | D:3      | Reached XP level 5. HP: 42/46 MP: 5/5
  2319 | D:4      | Found a glowing drain.
  2351 | Sewer    | Entered a sewer
  2405 | Sewer    | Noticed a big kobold
  2431 | Sewer    | Killed a big kobold
  2504 | Sewer    | Found a glowing silver altar of Zin.
  2555 | D:4      | Noticed an ogre
  2561 | D:4      | Slain by an ogre

Vault maps used:
D:1:      scummos_arrival_simple_fountains
D:2:      nicolae_ru_the_path_less_chosen, first_ration, serial_forest,
          infiniplex_forest_clump_medium, infiniplex_forest_straight_1,
          infiniplex_forest_end_3, infiniplex_forest_clump_small,
          infiniplex_forest_clump_diagonal, infiniplex_forest_zigzag_1
D:3:      nicolae_tso_carved_into_rock
D:4:      gup_sewer_entry_glass, minivault_4, led_xom_imps, uniq_duvessa
Sewer:    sewer_kobolds

Skill      XL: |  1  2  3  4  5 |
---------------+----------------+-----
Axes           | 3 4 5 6 |  6.8
Fighting       | 4 |  4.0
Armour         | |  3.7
Dodging        | |  0.7
Shields        | |  3.6

Action                   |  1- 3 |  4- 6 || total
-------------------------+-------+-------++-------
Melee: War axe           |   124 |   105 ||   229
Throw: Stone             |    12 |     9 ||    21
  Use: Scroll            |     3 |       ||     3
  Eat: Chunk             |     3 |     3 ||     6
Armor: Chain mail        |    74 |    65 ||   139
       Scale mail        |     1 |       ||     1
Dodge: Dodged            |    23 |    19 ||    42
Block: Shield            |    57 |    49 ||   106

Table legend:
 A = Non-vault XP
 B = Vault XP
 C = Vault XP percentage of total XP
 D = Non-vault monster count
 E = Vault monster count
 F = Vault count percentage of total count
 G = Total turns spent on level
                 A         B        C        D         E       F
            +---------+---------+-------+---------+---------+-------
      Total |     183 |     118 |  39.2 |      50 |      15 |  23.1
            +---------+---------+-------+---------+---------+-------
        D:1 |      20 |       0 |   0.0 |      13 |       0 |   0.0
        D:2 |      37 |       0 |   0.0 |      15 |       0 |   0.0
        D:3 |     126 |       0 |   0.0 |      22 |       0 |   0.0
        D:4 |       0 |       4 | 100.0 |       0 |       2 | 100.0
      Sewer |       0 |     114 | 100.0 |       0 |      13 | 100.0
            +---------+---------+-------+---------+---------+-------
